 Dungeon Crawl Stone Soup version 0.20.1-1-g8b1a95d (webtiles) character file.

100 Kingsmith the Skirmisher (level 4, 0/30 HPs)
             Began as a Gargoyle Fighter on Dec 7, 2017.
             Killed from afar by an orc wizard (2 damage)
             ... with a magic dart
             ... on level 4 of the Dungeon.
             The game lasted 00:01:56 (1426 turns).

Kingsmith the Skirmisher (Gargoyle Fighter)         Turns: 1426, Time: 00:01:57

Health: 0/30       AC: 10    Str: 19    XL:     4   Next: 73%
Magic:  4/4        EV:  7    Int:  9    God:
Gold:   123        SH:  9    Dex: 10    Spells: 3/3 levels left

rFire    . . .     SeeInvis .   a - +0 long sword
rCold    . . .     Gourm    .   c - +0 shield
rNeg     + . .     Faith    .   b - +0 scale mail
rPois    ∞         Spirit   .   (no helmet)
rElec    +         Reflect  .   (no cloak)
rCorr    .         Harm     .   (no gloves)
MR       .....                  (no boots)
Stlth    ..........             (no amulet)
Regen    0.1/turn               (no ring)
MPRegen  0.1/turn               (no ring)

@: no status effects
A: negative energy resistance 1, electricity resistance, unbreathing,
petrification resistance, rot immunity, AC +3
a: no special abilities


You were on level 4 of the Dungeon.
You were not hungry.

You visited 1 branch of the dungeon, and saw 4 of its levels.

You collected 123 gold pieces.

Inventory:

Hand Weapons
 a - a +0 long sword (weapon)
 l - a +0 spear
 m - a +0 dagger of protection
 z - a +1 whip of pain
Armour
 b - a +0 scale mail (worn)
 c - a +0 shield (worn)
 o - a scarf of resistance
 p - a +0 helmet
 u - a +0 chain mail
 v - a +0 chain mail
 y - a +0 large shield
Scrolls
 g - a scroll of magic mapping {unknown}
 i - 3 scrolls of teleportation {unknown}
 j - a scroll of immolation {unknown}
 n - a scroll of fear {unknown}
 q - 5 scrolls of enchant weapon {unknown}
 r - a scroll of amnesia {unknown}
 s - a scroll of identify {unknown}
Potions
 d - a potion of might
 e - 2 potions of mutation {unknown}
 h - a potion of degeneration {unknown}
 t - 2 potions of ambrosia {unknown}
Comestibles
 f - 3 bread rations
 k - 2 fruits
 w - 6 chunks of flesh
 x - a meat ration


   Skills:
 + Level 4.5 Fighting
 - Level 1.7 Long Blades
 + Level 4.1 Armour
 + Level 4.1 Shields


You had 3 spell levels left.
You didn't know any spells.

Dungeon Overview and Level Annotations

Branches:
Dungeon (4/15)
 Temple: D:4-7

Altars:


Innate Abilities, Weirdness & Mutations

You are resistant to torment.
Your stone body is resilient. (AC +3)
You are immune to poison.
You resist negative energy. (rN+)
You are resistant to electric shocks. (rElec)
You can survive without breathing.
You are immune to petrification.
You are immune to rotting.


Message History

You hit the gnoll.
You kill the gnoll!
You see here a whip of pain.
z - a whip of pain An orc comes into view.
It is wielding a war axe.
The orc shouts!
The orc moves out of view. 2 orc wizards come into view.
There are monsters nearby!
The orc wizard shouts!
An orc comes into view. It is wielding a dagger.
The orc wizard looks encouraged for a moment. 2 orcs and an orc priest come into view.
The orc shouts! x2
The orc priest invokes the aid of Beogh against you.
Beogh smites you!
* * * LOW HITPOINT WARNING * * *
The orc wizard gestures at you while chanting.
The magic dart hits you!
You die...

# .. ... .o..
.....
#######o.....
#....o.oo....
###@###......
#.# .....
###.# ####
#.<.# #####


You could see 2 orc wizards and 2 orcs.

Vanquished Creatures
  A hound skeleton (D:3)
  2 gnolls
  2 adders (D:2)
  A dart slug (D:1)
  2 leopard geckos
  An orc (D:3)
  2 ball pythons (D:3)
  5 bats
  4 goblins
  5 hobgoblins
  4 jackals (D:1)
  A quokka (D:2)
  A frilled lizard (D:2)
  9 kobolds
  6 rats
46 creatures vanquished.

Notes
Turn   | Place    | Note
-------+----------+-------------------------------------------
     0 | D:1      | Kingsmith the Gargoyle Fighter began the quest for the Orb.
     0 | D:1      | Reached XP level 1. HP: 14/14 MP: 1/1
   174 | D:1      | Reached XP level 2. HP: 12/19 MP: 2/2
   385 | D:1      | Reached XP level 3. HP: 24/24 MP: 3/3
  1033 | D:2      | Reached XP level 4. HP: 29/29 MP: 4/4
  1426 | D:4      | Killed from afar by an orc wizard

Skill      XL: |  1  2  3 |
---------------+----------+-----
Fighting       | 4 |  4.5
Armour         | 4 |  4.1
Shields        | 4 |  4.1
Long Blades    | |  1.7

Action                   |  1- 3 |  4- 6 || total
-------------------------+-------+-------++-------
Melee: Long sword        |    82 |    47 ||   129
  Eat: Chunk             |       |     2 ||     2
Armor: Scale mail        |    66 |    33 ||    99
Dodge: Dodged            |    40 |    20 ||    60
Block: Shield            |    45 |    24 ||    69
       Rpst.: Long sword |    13 |     7 ||    20
